Unix NetHack Version 5.0.0-0 post-release - last build May 17 2026 04:57:42 (dc50c8380fa5e20985bfe3072449f57b8d9895ef,branch:main).

Game began 2026-05-11 17:48:44, ended 2026-05-17 19:41:14.

Japes, lawful female human Valkyrie

                                                                       ------
                                                                     ##-....|
                          --------------------------------           # |<...|
                          ...............................|#############+....|
                          |.-----------.......--------...|#      ##### |....|
                          |.+  |(((|....------|..|+.+|...|#    ###     |....|
                          |.|  |.((|..|.|.....|..|+.+|...|#    #       -.----
                          |.---|...|-|..|..@h.|-+|...|...|#    #        #
                          |....--|--....|...[@|..---|-...|#    #        ####
                          |.............|H....|..........|#    #           #
                          |...........{....|---.{........|#    #           #
                          |................%.............|#   ##      -----|-
                          |...--+--+--....@......--+--...|############......|
                          |...|   |..|---.-------|...|...|# #         |.....|
                          |...|   |..|..-.-.%%|..|(((|...|# #         |...>.|
                          |...|   |--|..|.|..%|..|.((|...|###         |.....|
                          |...-----..----.-----+------...|#           |.....|
                          |...............................#           -------
                          --------------------------------#

Japes the Woman-at-arms     St:14 Dx:14 Co:18 In:8 Wi:10 Ch:8  Lawful
Dlvl:7  $:15 HP:0(102) Pw:25(25) AC:-5 Xp:10/5855 T:10266 

Latest messages:
 The hill orc hits!
 You hit the hill orc.
 The hill orc swings her scimitar.
 The hill orc hits!
 You hit the hill orc.
 The hill orc swings her scimitar.
 The hill orc hits!
 The dwarf queen swings her pick-axe.
 The dwarf queen misses!
 The dwarf queen swings her pick-axe.
 The dwarf queen hits!
 You hit the hill orc.
 The hill orc swings her scimitar.
 The hill orc misses!
 You hit the hill orc.
 The hill orc swings her scimitar.
 The hill orc hits!
 The dwarf queen swings her pick-axe.
 The dwarf queen hits!
 The dwarf queen swings her pick-axe.
 The dwarf queen hits again!
 You hit the hill orc.
 You hit the hill orc.
 The hill orc swings her scimitar.
 The hill orc hits!
 You hit the hill orc.
 The hill orc swings her scimitar.
 The hill orc hits!
 You kill the hill orc!
 $ - 15 gold pieces.
 There are many more objects here.
 U - a food ration.
 The dwarf queen swings her pick-axe.
 The dwarf queen hits!
 The dwarf queen swings her pick-axe.
 The dwarf queen hits again!
 You stop searching.
 The dwarf queen swings her pick-axe.
 The dwarf queen hits!
 The dwarf queen swings her pick-axe.
 The dwarf queen misses!
 You hit the dwarf queen!
 You hit the dwarf queen.
 The dwarf queen swings her pick-axe.
 The dwarf queen hits!
 The dwarf queen swings her pick-axe.
 The dwarf queen hits again!
 You die...
 Do you want your possessions identified? [ynq] (y)
 Do you want to see your attributes? [ynq] (y)

Inventory:
 Coins    ('$')
  $ - 15 gold pieces
 Weapons  (')')
  d - 2 +0 daggers (at the ready)
  a - a thoroughly rusty +1 long sword (weapon in right hand)
 Armor    ('[')
  V - an uncursed +3 elven leather helm (being worn)
  W - an uncursed +0 pair of kicking boots (being worn)
  c - an uncursed +3 small shield (being worn)
  f - an uncursed +1 orcish cloak (being worn)
  Q - an uncursed +0 elven mithril-coat (being worn)
 Comestibles  ('%')
  U - an uncursed food ration
 Rings    ('=')
  o - an uncursed ring of free action (on right hand)
  h - an uncursed ring of see invisible
  l - an uncursed ring of shock resistance (on left hand)
 Wands    ('/')
  L - a wand of magic missile (0:8)
  F - a wand of magic missile (0:4)
  e - a wand of make invisible (0:7)
  v - a wand of nothing (0:4)
  r - a wand of probing (0:3)
  i - a wand of slow monster (0:6)
  P - a wand of teleportation (0:1)
  G - a wand of undead turning (0:5)
 Tools    ('(')
  b - an uncursed bag of holding containing 34 items
  H - an empty uncursed oilskin sack
  w - an empty uncursed sack

Contents of the bag of holding:
  1514 gold pieces
  a +0 orcish dagger
  a +1 spear
  an uncursed +2 mummy wrapping
  an uncursed banana
  2 uncursed cloves of garlic
  8 uncursed food rations
  an uncursed pancake
  an uncursed tripe ration
  2 uncursed scrolls of amnesia
  2 uncursed scrolls of earth
  2 cursed scrolls of enchant weapon
  an uncursed potion of enlightenment
  2 uncursed potions of extra healing
  an uncursed potion of fruit juice
  2 uncursed potions of gain ability
  an uncursed potion of gain energy
  an uncursed potion of gain level
  a cursed potion of healing
  an uncursed potion of invisibility
  an uncursed potion of restore ability
  a cursed potion of sickness
  an uncursed ring of cold resistance
  a cursed oil lamp
  a +0 pick-axe
  a +0 unicorn horn
  a +0 unicorn horn
  an uncursed citrine stone
  an uncursed jasper stone
  an uncursed worthless piece of black glass
  2 uncursed worthless pieces of blue glass
  an uncursed worthless piece of green glass
  an uncursed worthless piece of white glass
  3 uncursed worthless pieces of yellow glass

Japes the Valkyrie's attributes:

Background:
 You were a Woman-at-arms, a level 10 human Valkyrie.
 You were lawful, on a mission for Tyr
 who was opposed by Odin (neutral) and Loki (chaotic).
 You were right-handed.
 You were in the Gnomish Mines, on level 7.
 You entered the dungeon 10266 turns ago.
 There was a new moon in effect when your adventure ended.
 You had 5855 experience points, 4145 more were needed to attain level 11.

Basics:
 You had 0 out of 102 hit points.
 You had all 25 energy points (spell power).
 Your armor class was -5.
 Your wallet contained 15 zorkmids, and
 you had 1514 more stashed away in your pack.
 Autopickup was on for '$' plus thrown.

Final Characteristics:
 Your strength was 14 (peak:18/01, limit:18/100).
 Your dexterity was 14 (limit:18).
 Your constitution was 18 (limit:18).
 Your intelligence was 8 (limit:18).
 Your wisdom was 10 (limit:18).
 Your charisma was 8 (limit:18).

Final Status:
 You weren't hungry.
 You were unencumbered.
 You were wielding a long sword.
 You had basic skill with long sword and could have enhanced that.

Final Attributes:
 You were piously aligned.
 You were cold resistant.
 You were shock resistant.
 Your items were protected from electric shocks.
 You were telepathic.
 You were clairvoyant.
 You were stealthy.
 You were guarded.
 You were fast.
 You had free action.
 You are dead.

Miscellaneous:
 You encountered 1 bones level.
 Total elapsed playing time was 2 hours, 56 minutes and 13 seconds.

Major events:
 Turn
    1: Japes the lawful human Valkyrie entered the dungeon
  553: attained the rank of Skirmisher (level 3)
  874: entered the Gnomish Mines
 2502: attained the rank of Fighter (level 6)
 3859: entered Sokoban
 4448: completed 1st Sokoban level
 5181: completed 2nd Sokoban level
 5766: completed 3rd Sokoban level
 6517: completed 4th Sokoban level
 6798: acquired the Sokoban bag of holding
 9357: attained the rank of Woman-at-arms (level 10)
10074: reached Mine Town
10266: killed by a dwarf queen

You didn't know any spells.

Skills:
 Fighting Skills
   bare handed combat [Unskilled]
   two weapon combat  [Unskilled]
   riding             [Unskilled]
 Weapon Skills
   dagger             [Basic]
   axe                [Unskilled]
   pick-axe           [Unskilled]
   short sword        [Unskilled]
   broadsword         [Unskilled]
   long sword         [Basic]
   two-handed sword   [Unskilled]
   saber              [Unskilled]
   hammer             [Unskilled]
   quarterstaff       [Unskilled]
   polearms           [Unskilled]
   spear              [Expert]
   trident            [Unskilled]
   lance              [Unskilled]
   sling              [Unskilled]
 Spellcasting Skills
   attack spells      [Unskilled]
   escape spells      [Unskilled]

Voluntary challenges:
 Character rerolling was not enabled.
 You never genocided any monsters.
 You never polymorphed an object.
 You never changed form.
 You used no wishes.
 You violated the special Sokoban rules once.
Achievements:
 You entered a shop.
 You attained the rank of Skirmisher.
 You entered the Gnomish Mines.
 You attained the rank of Fighter.
 You entered Sokoban.
 You completed Sokoban.
 You attained the rank of Woman-at-arms.
 You entered Minetown.
 You entered a temple.

 The Dungeons of Doom: levels 1 to 7
    Level 1:
    Level 2:
       A general store, an altar to Tyr, a grave.
    Level 3:
       Stairs down to The Gnomish Mines.
    Level 4:
       Final resting place for
          kmoxley-Arc-Dwa-Mal-Law, killed by a guard,
          Nestorix-Arc-Hum-Fem-Law, killed by a guard.
    Level 5:
    Level 6:
       Oracle of Delphi.
    Level 7:
       Stairs up to Sokoban, level 6.
 The Gnomish Mines: levels 4 to 7
    Level 4:
    Level 5:
    Level 6:
    Level 7: <- You were here.
       Many shops, a temple and an altar, some fountains.
       Final resting place for
          you, killed by a dwarf queen.
 Sokoban: levels 6 up to 3
    Level 3:
       Solved.
    Level 4:
       Solved.
    Level 5:
       Solved.
    Level 6:
       Solved.


Vanquished creatures:
  2 ghosts
  2 giant mimics
  a flesh golem
 an air elemental
  2 small mimics
  a quantum mechanic
  a wood golem
  a gelatinous cube
  a large dog
  2 freezing spheres
  2 gargoyles
 an ochre jelly
  a mountain centaur
  a pit viper
  2 wraiths
 an ettin zombie
  3 Grey-elves
  a soldier
  a crocodile
  4 giant beetles
  6 wolves
  3 winter wolf cubs
  2 gremlins
  2 leprechauns
  a giant spider
  a scorpion
 an ice vortex
  2 black lights
  2 forest centaurs
  2 gnome rulers
 an orc mummy
  a dwarf mummy
  4 ogres
 an owlbear
  a yeti
  a gold golem
  a werewolf
  a Green-elf
  a lizard
  a jaguar
  a blue jelly
  a gray unicorn
  a black unicorn
  2 dust vortices
  a raven
  4 water moccasins
  a human zombie
  3 Woodland-elves
  a soldier ant
  a fire ant
  a quasit
  a water nymph
 11 Uruk-hai
  2 orc shamans
  2 rock piercers
  a rock mole
  a pony
  a fog cloud
  a yellow light
  2 violet fungi
  7 gnome leaders
  2 gnomish wizards
  4 gray oozes
  a barrow wight
  a straw golem
  4 giant ants
  a little dog
  8 floating eyes
  a dwarf
  a homunculus
 30 hill orcs
  4 rothes
  a centipede
  3 giant bats
  a monkey
  3 orc zombies
  a dwarf zombie
  3 werejackals
  9 iguanas
 16 killer bees
 an acid blob
  2 coyotes
  a hobbit
 11 manes
  4 hobgoblins
  3 giant rats
  5 cave spiders
  3 yellow molds
  2 green molds
  a red mold
 27 gnomes
  7 garter snakes
  3 gnome zombies
  6 geckos
 10 jackals
  4 foxes
  4 kobolds
  4 goblins
  2 sewer rats
  8 grid bugs
  4 bats
  8 lichens
  5 newts
331 creatures vanquished.

No species were genocided or became extinct.

Game over:
                       ----------
                      /          \
                     /    REST    \
                    /      IN      \
                   /     PEACE      \
                  /                  \
                  |      Japes       |
                  |     1529 Au      |
                  |   killed by a    |
                  |   dwarf queen    |
                  |                  |
                  |                  |
                  |       2026       |
                 *|     *  *  *      | *
        _________)/\\_//(\/(/\)/\//\/|_)_______

Farvel Japes the Valkyrie...

You died in The Gnomish Mines on dungeon level 7 with 25147 points,
and 1529 pieces of gold, after 10266 moves.
You were level 10 with a maximum of 102 hit points when you died.

